Map: Acropolis LE

Players

FLORENCIO - Winner!

  • Race: Zerg Zerg
  • League: Master
  • Spawn Location: 5:00

Marbles

  • Race: Zerg Zerg
  • League: Diamond
  • Spawn Location: 11:00

VOD

Have the link to the VOD?

Description

Time

  • Played on: July 22, 2019, 3:25 p.m.
  • Length: 9:28
Show
View Real Time Build Order
Export as new Build Order

FLORENCIO Zerg - Winner!

Build Orders: Pool First 

Get SALT Encoding   

  12  0:02  Drone  
  13  0:08  Drone  
  14  0:16  Overlord  
  14  0:43  Drone  
  14  0:44  Drone x2  
  17  0:55  Spawning Pool  
  17  0:56  Drone  
  17  1:09  Overlord  
  17  1:23  Extractor  
  16  1:43  Zergling x2  
  16  1:44  Zergling x4  
  19  1:57  Hatchery  
  19  2:00  Zergling x2  
  19  2:13  Spore Crawler  
  18  2:18  Spine Crawler  
  18  2:19  Spine Crawler  
  16  2:28  Spine Crawler  
  15  2:36  Spine Crawler  
  15  2:42  Spine Crawler  
  15  2:44  Drone x3  
  17  2:55  Drone  
  17  2:57  Queen  
  20  3:13  Queen  
  20  3:19  Drone x2  
  24  3:50  Drone x3  
  27  4:00  Hatchery  
  26  4:03  Drone  
  26  4:08  Extractor  
  26  4:12  Roach Warren, Drone  
  25  4:39  Overlord x2  
  24  5:00  Roach x2  
  24  5:01  Roach  
  29  5:21  Queen, Drone  
  30  5:25  Lair  
  30  5:26  Roach x4  
  40  5:55  Roach x6  
  50  5:58  Roach  
  52  6:27  Overlord x3  
  52  6:46  Roach x4  
  60  6:50  Glial Reconstitution  
  58  7:10  Roach x3  
  64  7:18  Roach  
  64  7:19  Roach x2  
  68  7:35  Ravager  
  69  7:39  Roach x2  
  69  7:40  Roach  
  74  7:47  Roach  
  74  7:48  Overlord  
  76  7:55  Overlord  
  76  8:03  Overlord  
  76  8:17  Roach x2  
  76  8:19  Roach  
  82  8:30  Roach  
  82  8:31  Roach  
Show
View Real Time Build Order
Export as new Build Order

Marbles Zerg 

Build Orders: Hatch First 

Get SALT Encoding   

  12  0:00  Drone  
  13  0:18  Drone, Overlord  
  14  0:38  Drone x2  
  14  0:41  Drone  
  17  0:55  Hatchery  
  17  0:56  Drone  
  17  1:02  Drone  
  18  1:16  Extractor  
  18  1:18  Spawning Pool  
  16  1:19  Drone  
  16  1:23  Drone  
  18  1:34  Drone  
  19  1:44  Overlord  
  19  1:55  Drone  
  20  2:06  Zergling x2  
  20  2:07  Zergling x2  
  22  2:09  Queen x2  
  26  2:21  Extractor  
  25  2:25  Drone x2  
  25  2:28  Roach Warren, Drone  
  27  2:44  Zergling x6  
  29  2:50  Zergling x4  
  28  3:16  Roach x3  
  28  3:17  Roach  
  36  3:26  Overlord  
  36  3:33  Spine Crawler  
  35  3:35  Overlord  
  35  3:43  Hatchery  
  38  3:48  Roach x2  
  38  3:55  Ravager  
  39  3:56  Ravager  
  39  3:57  Roach  
  42  4:14  Overlord  
  42  4:22  Roach x2  
  41  4:54  Roach x4  
  49  5:17  Roach  
  49  5:30  Drone x2  
  49  5:33  Drone x3  
  49  5:34  Drone  
  55  5:58  Lair  
  55  6:21  Hatchery  
  55  6:24  Drone x2  
  56  6:28  Drone  
  56  6:29  Queen  
  59  6:34  Drone  
  59  6:35  Evolution Chamber  
  59  6:38  Overlord x2  
  59  6:39  Overlord  
  59  6:41  Drone  
  54  7:11  Drone x3  
  54  7:14  Drone x3  
  60  7:16  Drone x2  
  60  7:18  Drone  
  57  7:33  Glial Reconstitution  
  57  7:39  Drone x3  
  57  7:40  Drone, Overlord  
  57  7:41  Drone  
  57  7:43  Overseer  
  62  7:52  Queen x2  
  62  7:53  Queen  
  62  7:55  Drone x2  
  62  7:56  Drone x2  
  72  8:07  Hatchery  
  71  8:38  Roach x4  
  71  8:39  Roach x7  
  80  8:51  Roach  
  80  8:52  Roach  
  73  9:02  Roach  
Tags
 
Add a new tag
Caveats
  • Supply blocks, unpowered buildings, or Contaminate may cause inaccurate times.
  • Supply counts are checked every 10 seconds.